AoeStats
← TKBXPT2214

Hill Fort

505368976Analyzed
3v3 RM · 25d ago on Sep 9, 2026· 52m 12s· 6 players
Game mode
Random Map
Map size
Normal (6 player)
Population
200
Speed
Normal
Resources
Standard
Victory
Conquest
Starting age
Dark Age
Ending age
Imperial Age
RankedLock teamsTeams togetherTeam positionsShared explorationLock speedFull tech treeHidden civsTurbo modeCheats
Victory
Defeat
🇺🇸 Britons · United States
1178
+12
🇺🇸 Lithuanians · United States
1099
+15
🇺🇸 Magyars · United States
955
+20
🇮🇱 Berbers · Israel
1107
-17
🇦🇷 Franks · Argentina
1087
-16
🇦🇷 Goths · Argentina
1032
-14
Spitfire
9:04 Loom
10:50 Feudal Age
11:21 Double-Bit Axe
11:19 Horse Collar
17:15 Castle Age
15:49 Gold Mining
17:12 Scale Barding Armor
17:18 Forging
18:17 Bow Saw
20:38 Bloodlines
23:24 Chain Barding Armor
25:16 Wheelbarrow
24:27 Loom
26:30 Town Watch
28:56 Hand Cart
31:01 Fletching
31:13 Padded Archer Armor
31:57 Iron Casting
33:17 Bodkin Arrow
33:29 Husbandry
34:12 Gold Shaft Mining
37:44 Imperial Age
35:45 Ballistics
35:21 Murder Holes
35:06 Treadmill Crane
35:37 Masonry
35:22 Stone Mining
35:53 Leather Archer Armor
37:41 Light Cavalry
39:01 Plate Barding Armor
39:27 Blast Furnace
39:00 Hussar
39:25 Heavy Camel Rider
40:01 Elite Camel Archer
41:10 Bracer
41:41 Ring Archer Armor
43:19 Chemistry
43:59 Conscription
44:33 Maghrebi Camels
47:05 Scale Mail Armor
47:36 Fortified Wall
49:33 Arrowslits
49:54 Siege Engineers
[ESTG] Daupoch
7:24 Loom
9:51 Feudal Age
9:59 Man-at-Arms
11:38 Scale Mail Armor
20:07 Castle Age
18:38 Stone Mining
18:41 Gold Mining
20:50 Forging
20:50 Double-Bit Axe
21:27 Horse Collar
23:06 Bow Saw
23:45 Chain Mail Armor
25:04 Anarchy
26:47 Squires
28:14 Wheelbarrow
29:31 Town Watch
35:48 Hand Cart
41:14 Imperial Age
39:45 Stone Shaft Mining
39:13 Heavy Plow
42:25 Iron Casting
41:28 Elite Huskarl
42:29 Conscription
43:12 Perfusion
44:57 Crop Rotation
TKBXPT2214
9:28 Loom
11:33 Feudal Age
13:04 Wheelbarrow
19:26 Castle Age
17:25 Double-Bit Axe
17:32 Gold Mining
20:25 Hand Cart
20:42 Husbandry
20:51 Scale Barding Armor
20:57 Forging
25:38 Chain Barding Armor
28:33 Iron Casting
30:05 Bow Saw
30:18 Stone Mining
31:03 Gold Shaft Mining
39:11 Imperial Age
37:15 Fletching
38:02 Fervor
39:31 Cavalier
41:14 Blast Furnace
40:50 Plate Barding Armor
40:43 Conscription
42:09 Bodkin Arrow
43:34 Paladin
schupacalypse
10:40 Feudal Age
10:42 Loom
14:54 Castle Age
13:39 Double-Bit Axe
14:06 Horse Collar
19:08 Bow Saw
22:29 Wheelbarrow
25:17 Heavy Plow
26:04 Scale Barding Armor
26:15 Gold Mining
26:42 Bloodlines
28:57 Chain Barding Armor
29:14 Husbandry
30:20 Forging
31:37 Iron Casting
34:06 Hand Cart
39:44 Imperial Age
41:06 Plate Barding Armor
39:53 Cavalier
41:27 Conscription
40:28 Elite Leitis
40:31 Pikeman
41:25 Halberdier
46:02 Paladin
51:08 Fletching
51:19 Padded Archer Armor
51:51 Light Cavalry
Gabellius
7:17 Loom
11:57 Feudal Age
16:10 Castle Age
14:14 Fletching
15:37 Gold Mining
16:02 Double-Bit Axe
16:03 Horse Collar
17:32 Crossbowman
18:50 Town Watch
20:37 Bow Saw
23:10 Bodkin Arrow
24:23 Wheelbarrow
25:23 Padded Archer Armor
25:55 Pikeman
27:00 Squires
27:28 Scale Mail Armor
29:06 Forging
29:32 Ballistics
29:39 Gambesons
35:24 Imperial Age
33:26 Stone Mining
33:27 Man-at-Arms
34:24 Chain Mail Armor
34:25 Leather Archer Armor
35:34 Iron Casting
36:09 Hand Cart
35:22 Long Swordsman
36:05 Arson
35:46 Arbalester
36:33 Two-Handed Swordsman
37:00 Halberdier
39:12 Bracer
39:43 Plate Mail Armor
42:46 Two-Man Saw
42:43 Fortified Wall
42:41 Siege Engineers
42:47 Masonry
43:48 Guilds
44:41 Chemistry
44:07 Conscription
45:33 Hoardings
45:37 Architecture
45:02 Murder Holes
46:47 Treadmill Crane
52:11 Ring Archer Armor
52:42 Blast Furnace
Dimma Ulfur
11:39 Feudal Age
12:40 Double-Bit Axe
16:08 Bloodlines
16:48 Loom
19:31 Castle Age
17:38 Horse Collar
20:10 Wheelbarrow
19:43 Scale Barding Armor
21:16 Bow Saw
21:11 Heavy Plow
23:00 Fletching
23:11 Padded Archer Armor
23:31 Gold Mining
27:43 Leather Archer Armor
27:31 Bodkin Arrow
29:20 Thumb Ring
31:56 Chain Barding Armor
31:00 Light Cavalry
32:05 Hand Cart
36:41 Leather Archer Armor
35:49 Pikeman
36:33 Husbandry
36:42 Town Watch
37:54 Corvinian Army
40:34 Imperial Age
40:22 Ballistics
39:59 Murder Holes
39:46 Treadmill Crane
42:34 Bracer
41:57 Heavy Cavalry Archer
43:03 Parthian Tactics
43:49 Chemistry
46:52 Plate Barding Armor
46:44 Conscription
50:42 Two-Man Saw
50:14 Crop Rotation
Connection lost

Rejoining the realm…

Still unreachable

The connection could not be restored.

Session expired

The server has moved on; the page needs a fresh start.